 Dungeon Crawl Stone Soup version 0.22.1-6-g1668fe2 (webtiles) character file.

772 Inchmeat the Basher (level 7, -4/40 HPs)
             Began as a Gargoyle Gladiator on Feb 7, 2019.
             Blown up by an orc (19 damage)
             ... with a wand of disintegration (11)
             ... on level 5 of the Dungeon.
             The game lasted 00:04:37 (4523 turns).

Inchmeat the Basher (Gargoyle Gladiator)            Turns: 4523, Time: 00:04:37

Health: -4/40      AC: 15    Str: 20    XL:     7   Next: 83%
Magic:  7/7        EV:  8    Int:  8    God:
Gold:   271        SH:  0    Dex: 11    Spells: 6/6 levels left

rFire    . . .     SeeInvis .   a - +0 flail
rCold    . . .     Gourm    .   (no shield)
rNeg     + . .     Faith    .   u - +0 chain mail (curse)
rPois    ∞         Spirit   .   c - +0 helmet
rElec    +         Reflect  .   v - +0 cloak (curse)
rCorr    .         Harm     .   j - +0 pair of gloves
MR       .....                  (no boots)
Stlth    ..........             (no amulet)
HPRegen  0.13/turn              (no ring)
MPRegen  0.10/turn              (no ring)

@: no status effects
A: negative energy resistance 1, electricity resistance, unbreathing,
petrification resistance, rot immunity, AC +4
a: no special abilities


You were on level 5 of the Dungeon.
You were very hungry.

You visited 1 branch of the dungeon, and saw 5 of its levels.

You collected 271 gold pieces.

Inventory:

Hand Weapons
 a - a +0 flail (weapon)
Missiles
 d - 5 throwing nets (quivered)
Armour
 c - a +0 helmet (worn)
 j - a +0 pair of gloves (worn)
 u - a cursed +0 chain mail (worn)
 v - a cursed +0 cloak (worn)
Jewellery
 h - an uncursed ring of ice
Wands
 s - a wand of iceblast (5)
Scrolls
 b - a scroll of blinking {unknown}
 i - 4 scrolls of teleportation
 m - a scroll of fear {unknown}
 p - 2 scrolls of remove curse
 q - 2 scrolls of identify
 r - a scroll of enchant weapon {unknown}
 w - 2 scrolls of amnesia {unknown}
Potions
 g - a potion of might
 k - 2 potions of resistance
 l - a potion of haste
 n - a potion of degeneration
 o - a potion of curing {unknown}
 t - a potion of lignification {unknown}
 x - 2 potions of ambrosia {unknown}
Comestibles
 f - 7 rations


   Skills:
 - Level 2.1 Fighting
 + Level 9.0 Maces & Flails
 - Level 1.7 Throwing
 - Level 2.4 Dodging


You had 6 spell levels left.
You didn't know any spells.
Your spell library was empty.

Dungeon Overview and Level Annotations

Branches:
Dungeon (5/15)
 Temple: D:4-7

Altars:
Fedhas
Nemelex Xobeh
Qazlal


Innate Abilities, Weirdness & Mutations

You are resistant to torment.
Your stone body is resilient. (AC +4)
You are immune to poison.
You resist negative energy. (rN+)
You are resistant to electric shocks. (rElec)
You can survive without breathing.
You are immune to petrification.
You are immune to rotting.


Message History

The centaur is almost dead.
The centaur hits you but does no damage.
The orc priest calls down the wrath of Beogh upon you.
Beogh smites you!
You hit the centaur.
You kill the centaur!
Your Maces & Flails skill increases to level 9!
You sock the orc!
You kill the orc!
The orc zaps a wand.
You are blasted!
It is a wand of disintegration (12).
The orc zaps a wand.
You are blasted!
Items here: ( )) † a short sword; an uncursed shortbow; 30 arrows; an orc corpse You are too injured to fight recklessly!
You are too injured to fight recklessly!
You are too injured to fight recklessly!
You are too injured to fight recklessly!
You are too injured to fight recklessly!
The orc zaps a wand.
You are blasted!
You die...

#######o######
......#)# ......#o#
......#o# ......#.#
......#.#
......#'#####
............########
#...........((oo@)<#
#.........(.########
#############


You could see an orc priest and an orc.

Vanquished Creatures
  2 centaurs (D:5)
  A water moccasin skeleton (D:5)
  A howler monkey (D:4)
  A crimson imp (D:5)
  3 orc priests
  A bullfrog skeleton (D:4)
  2 orc wizards (D:5)
  An iguana (D:4)
  4 worker ants
  A worker ant zombie (D:4)
  7 adders
  An ooze (D:2)
  2 adder skeletons
  2 worms
  4 leopard geckos
  17 orcs
  6 bats
  3 giant cockroaches
  11 goblins
  6 hobgoblins
  5 jackals
  3 kobolds
  2 quokkas (D:2)
  A ball python (D:2)
  3 frilled lizards
  7 rats
97 creatures vanquished.

Vanquished Creatures (others)
  An orc wizard (D:5)
1 creature vanquished.

Grand Total: 98 creatures vanquished

Notes
Turn   | Place    | Note
-------+----------+-------------------------------------------
     0 | D:1      | Inchmeat the Gargoyle Gladiator began the quest for the
                  | Orb.
     0 | D:1      | Reached XP level 1. HP: 12/12 MP: 1/1
   216 | D:1      | Reached XP level 2. HP: 17/17 MP: 2/2
   787 | D:2      | Reached skill level 4 in Maces & Flails
   809 | D:2      | Reached XP level 3. HP: 21/21 MP: 3/3
  1192 | D:2      | Reached XP level 4. HP: 26/26 MP: 4/4
  1311 | D:2      | Found a sparkling altar of Nemelex Xobeh.
  1365 | D:2      | Reached skill level 5 in Maces & Flails
  1956 | D:3      | Reached XP level 5. HP: 15/30 MP: 5/5
  2499 | D:3      | Found a blossoming altar of Fedhas.
  2630 | D:4      | Reached skill level 6 in Maces & Flails
  2826 | D:4      | Reached XP level 6. HP: 34/35 MP: 6/6
  2953 | D:4      | Reached skill level 7 in Maces & Flails
  3532 | D:5      | Entered Level 5 of the Dungeon
  3854 | D:5      | Reached XP level 7. HP: 33/40 MP: 7/7
  3969 | D:5      | Reached skill level 8 in Maces & Flails
  4038 | D:5      | Found a stormy altar of Qazlal.
  4520 | D:5      | Reached skill level 9 in Maces & Flails
  4523 | D:5      | Blown up by an orc

Skill      XL: |  1  2  3  4  5  6  7 |
---------------+----------------------+-----
Maces & Flails | 4 5 6 7 9 |  9.0
Fighting       | |  2.1
Throwing       | |  1.7
Dodging        | |  2.4

Action                   |  1- 3 |  4- 6 |  7- 9 || total
-------------------------+-------+-------+-------++-------
Melee: Flail             |   113 |   234 |   109 ||   456
  Use: Scroll            |       |     4 |     3 ||     7
       Potion            |       |       |     1 ||     1
  Eat: Chunk             |       |     9 |     2 ||    11
Armor: Leather armour    |    53 |       |       ||    53
       Scale mail        |       |    99 |       ||    99
       Chain mail        |       |    94 |    91 ||   185
Dodge: Dodged            |    70 |   160 |    56 ||   286
